 Dungeon Crawl Stone Soup version 0.23-a0-584-g44dd78f (webtiles) character file.

137 zishaf the Insei (level 5, -5/34 HPs)
             Began as a Demonspawn Transmuter on Dec 18, 2018.
             Was an Initiate of Hepliaklqana.
             Killed from afar by an orc wizard (7 damage)
             ... with a magic dart
             ... on level 4 of the Dungeon.
             The game lasted 00:05:50 (3658 turns).

zishaf the Insei (Demonspawn Transmuter)            Turns: 3658, Time: 00:05:50

Health: -5/34      AC:  7    Str: 12    XL:     5   Next: 0%
Magic:  1/8        EV: 11    Int: 20    God:    Hepliaklqana [......]
Gold:   176        SH:  0    Dex: 13    Spells: 5/8 levels left

rFire    . . .     SeeInvis .     - Unarmed
rCold    . . .     Gourm    .   (no shield)
rNeg     + . .     Faith    .   s - +2 ring mail {MR+}
rPois    .         Spirit   .   (no helmet)
rElec    .         Reflect  .   (no cloak)
rCorr    .         Harm     .   (no gloves)
MR       +....                  (no boots)
Stlth    +++.......             (no amulet)
HPRegen  0.11/turn              i - +6 ring of intelligence
MPRegen  0.11/turn              v - ring of positive energy

@: appendage
A: reduced essence, horns 2, talons 1, nightstalker 2
a: End Transformation, Recall Ancestor, Ancestor Identity, Renounce Religion


You were on level 4 of the Dungeon.
You worshipped Hepliaklqana.
Hepliaklqana was noncommittal.
You were not hungry.
You had grown temporary horns.
You visited 1 branch of the dungeon, and saw 4 of its levels.

You collected 176 gold pieces.

Inventory:

Missiles
 a - 56 arrows
Armour
 b - a +0 robe
 s - a +2 ring mail of magic resistance (worn)
Jewellery
 i - a +6 ring of intelligence (left hand)
 v - a ring of positive energy (right hand)
Wands
 r - a wand of iceblast (9)
 t - a wand of flame (6)
Scrolls
 e - 2 scrolls of fog {unknown}
 f - 3 scrolls of magic mapping {unknown}
 g - 3 scrolls of teleportation {unknown}
 h - 2 scrolls of remove curse {unknown}
 n - a scroll of enchant armour {unknown}
 p - a scroll of random uselessness {unknown}
 q - 3 scrolls of identify {unknown}
 u - a scroll of immolation {unknown}
 w - a scroll of blinking {unknown}
Potions
 c - a potion of agility {unknown}
 j - a potion of cancellation {unknown}
 k - 4 potions of heal wounds {unknown}
 l - 3 potions of lignification {unknown}
 m - 3 potions of curing {unknown}
Comestibles
 d - 3 rations
 o - 7 chunks of flesh


   Skills:
 + Level 2.2 Fighting
 + Level 2.5 Dodging
 + Level 3.3 Unarmed Combat
 - Level 2.0 Spellcasting
 * Level 3.3 Transmutations


You had 5 spell levels left.
You knew the following spells:

 Your Spells              Type           Power        Failure   Level  Hunger
a - Beastly Appendage     Tmut           ###...       10%         1    #......
b - Sticks to Snakes      Tmut           ###.....     14%         2    ##.....

Your spell library contained the following spells:

 Spells                   Type           Power        Failure   Level  Hunger
 Spider Form              Tmut/Pois      #.........   50%         3    ###....
 Ice Form                 Ice/Tmut       #.......     88%         4    #####..
 Blade Hands              Tmut           ###.......   95%         5    ######.


Dungeon Overview and Level Annotations

Branches:
Dungeon (4/15)
 Temple: D:4-7

Altars:
Hepliaklqana
Xom


Innate Abilities, Weirdness & Mutations

You have sharp toenails.
You are significantly more attuned to the shadows.
Your life essence is reduced to manifest your ancestor. (-10% HP)
You have a pair of horns on your head.


Message History

You miss the orc wizard. Your kick misses the orc wizard.
The orc wizard miscasts a cantrip.
Publia misses the orc wizard.
The orc hits you with a +0 mace.
The orc wizard gestures at you while chanting.
The puff of frost hits you!
* * * LOW HITPOINT WARNING * * *
Publia barely misses the orc wizard.
The orc hits your ball python with a +0 mace.
Your ball python dies!
The orc wizard hits you with a +0 dagger.
* * * LOW HITPOINT WARNING * * *
You hit the orc wizard but do no damage.
The orc wizard hits you with a +0 dagger.
* * * LOW HITPOINT WARNING * * *
Publia hits the orc wizard.
Something hits Publia but does no damage.
The orc wizard closely misses you.
The orc wizard points at you and mumbles some strange words.
The magic dart hits you!
You die...

#.....# #.###.###
######.# #....
#......# #####
###.###### # ###.#.#
# #...#.##### #
#.#.......# #
#@#.......##### #
#.#o.###......# #
#.oR........#.####
............##.....<.
######.$.........####
##..........####
...###....#.... ##.#
#..#.#.### #.<..#.#..


You could see an orc wizard.

Vanquished Creatures
  A gnoll (D:1)
  2 adders
  An ooze (D:1)
  3 dart slugs (D:1)
  A leopard gecko (D:2)
  5 orcs
  A ball python (D:2)
  A giant cockroach (D:3)
  4 goblins
  7 hobgoblins
  11 jackals
  3 quokkas
  5 bats
  5 frilled lizards
  5 kobolds
  3 rats (D:2)
58 creatures vanquished.

Vanquished Creatures (collateral kills)
  2 adders
  2 oozes (D:3)
  A bat (D:3)
  A goblin (D:3)
  A jackal (D:2)
7 creatures vanquished.

Vanquished Creatures (others)
  An ancestor (D:2)
1 creature vanquished.

Grand Total: 66 creatures vanquished

Notes
Turn   | Place    | Note
-------+----------+-------------------------------------------
     0 | D:1      | zishaf the Demonspawn Transmuter began the quest for the
                  | Orb.
     0 | D:1      | Reached XP level 1. HP: 15/15 MP: 3/3
    46 | D:1      | Gained mutation: You are slightly more attuned to the
                  | shadows. [demonic ancestry]
    46 | D:1      | Reached XP level 2. HP: 3/21 MP: 3/5
   986 | D:1      | Reached XP level 3. HP: 26/26 MP: 4/6
  2070 | D:2      | Found a hazy altar of Hepliaklqana.
  2094 | D:2      | Became a worshipper of Hepliaklqana the Forgotten
  2509 | D:2      | Mutation became permanent: You have razor-sharp toenails.
                  | [demonic ancestry]
  2509 | D:2      | Gained mutation: You have claws for feet. [demonic
                  | ancestry]
  2509 | D:2      | Reached XP level 4. HP: 25/29 MP: 5/7
  2798 | D:3      | Learned a level 2 spell: Sticks to Snakes
  3219 | D:3      | Found a shimmering altar of Xom.
  3651 | D:4      | Gained mutation: You are significantly more attuned to the
                  | shadows. [demonic ancestry]
  3651 | D:4      | Reached XP level 5. HP: 21/34 MP: 0/8
  3658 | D:4      | Killed from afar by an orc wizard

Vault maps used:
D:1:      lightli_arrival_chessboard
D:2:      lemuel_crystal_altar, serial_forest, infiniplex_forest_lined_corner,
          infiniplex_forest_lined_ring, infiniplex_forest_straight_4,
          infiniplex_forest_zigzag_2, infiniplex_forest_clump_cross,
          infiniplex_forest_lined_3, infiniplex_forest_clump_long, first_ration,
          nrook_uturn, minmay_statues_item
D:3:      brannock_xom_greatest_gift
D:4:      uniq_grinder

Skill      XL: |  1  2  3  4 |
---------------+-------------+-----
Transmutations | 2 3 |  3.3
Dodging        | 2 |  2.5
Unarmed Combat | 3 |  3.3
Fighting       | 2 |  2.2
Spellcasting   | |  2.0

Action                   |  1- 3 |  4- 6 || total
-------------------------+-------+-------++-------
Melee: Unarmed           |   152 |    79 ||   231
       Kick              |     9 |    19 ||    28
       Headbutt          |     6 |     4 ||    10
       Punch             |     1 |     4 ||     5
 Cast: Beastly Appendage |    21 |    14 ||    35
       Sticks to Snakes  |       |     3 ||     3
 Stab: Sleeping          |     8 |     1 ||     9
  Eat: Chunk             |     2 |     4 ||     6
       Ration            |     1 |       ||     1
Armor: Robe              |    23 |     7 ||    30
       Ring mail         |       |    11 ||    11
Dodge: Dodged            |    87 |    50 ||   137

Table legend:
 A = Non-vault XP
 B = Vault XP
 C = Vault XP percentage of total XP
 D = Non-vault monster count
 E = Vault monster count
 F = Vault count percentage of total count
                 A         B        C        D         E       F
            +---------+---------+-------+---------+---------+-------
      Total |     196 |       0 |   0.0 |      65 |       0 |   0.0
            +---------+---------+-------+---------+---------+-------
        D:1 |      59 |       0 |   0.0 |      21 |       0 |   0.0
        D:2 |      42 |       0 |   0.0 |      19 |       0 |   0.0
        D:3 |      65 |       0 |   0.0 |      17 |       0 |   0.0
        D:4 |      30 |       0 |   0.0 |       8 |       0 |   0.0
            +---------+---------+-------+---------+---------+-------
